[Event "*** Titled Tuesday Blitz"]
[Site "Chess.com"]
[Date "2020.02.04"]
[Round "3"]
[White "manmanlai1"]
[Black "Taran2004"]
[Result "1-0"]
[WhiteElo "2286"]
[BlackElo "1958"]
[TimeControl "180+2"]
[EndTime "9:37:39 PST"]
[Termination "manmanlai1 won by resignation"]

1. e4 c5 2. Nf3 d6 3. c3 Nf6 4. Be2 Nc6 5. d4 cxd4 6. cxd4 Nxe4 7. d5 Qa5+ 8. Nc3 Nxc3 9. bxc3 Nb8 10. O-O g6 11.
Qd4 f6 12. Re1 Qb6 13. Qh4 Bg7 14. Bd3 O-O 15. Rxe7 Qd8 16. Re1 Re8 17. Bh6 Nd7 18. Bxg7 Kxg7 19. Rxe8 Qxe8 20. Re1 Qf7 21. Qd4 Ne5 22.
Nd2 Nxd3 23. Qxd3 Bf5 24. Qd4 Re8 25. Rxe8 Qxe8 26. g4 Qe1+ 27. Nf1 Bc2 28. Kg2 Qe4+ 29. f3 Qxd4 30. cxd4 f5 31. gxf5 gxf5 32. Kg3 Kf6 33.
Kf4 b5 34. a3 a5 35. Ne3 Bd3 36. Nd1 b4 37. axb4 axb4 38. Ke3 Bc4 39. Nb2 Bxd5 40. h4 Bf7 41. f4 Ke6 42. Kd3 Kd5 43. Nd1 b3 44.
Ne3+ Ke6 45. d5+ Kf6 46. Kc3 Kg6 47. Kxb3 Kh5 48. Kc3 Kxh4 49. Nxf5+ Kh5 50. Kd4 Be6 51. dxe6 1-0

[Event "*** Titled Tuesday Blitz"]
[Site "Chess.com"]
[Date "2020.02.04"]
[Round "3"]
[White "armago"]
[Black "guillembaches"]
[Result "1-0"]
[WhiteElo "2200"]
[BlackElo "2350"]
[TimeControl "180+2"]
[EndTime "9:37:42 PST"]
[Termination "armago won by resignation"]

1. d4 Nf6 2. c4 e6 3. Nc3 Bb4 4. g3 d5 5. Bg2 O-O 6. cxd5 exd5 7. Qb3 a5 8. a3 Bxc3+ 9. bxc3 c5 10. Bg5 c4 11.
Qb5 Bd7 12. Qxb7 Bc6 13. Qb1 Re8 14. Nf3 h6 15. Bxf6 Qxf6 16. e3 Nd7 17. O-O Reb8 18.
Qc2 Nb6 19. Ne5 Ba4 20. Qe2 Qd6 21. e4 Re8 22. Qg4 Bb3 23. exd5 Nxd5 24. Qf3 Nf6 25. Qxa8 Rxa8 26. Bxa8 h5 27. Rfe1 h4 28. Re3 hxg3 29. hxg3 g6 30. Rae1 Kg7 31. Rf3 Qxa3 32. g4 Qf8 33. Bc6 g5 34. Rf5 a4 35. Rxg5+ Kh6 36. Rf5 Nh7 37. Rxf7 Qd6 38. Rf3 Ng5 39. Rf5 Qc7 40.
Kg2 a3 41. Rh1+ Kg7 42. Rxg5+ Kf6 43. Rg6+ 1-0

[Event "*** Titled Tuesday Blitz"]
[Site "Chess.com"]
[Date "2020.02.04"]
[Round "3"]
[White "Kimster98"]
[Black "guna1976"]
[Result "1-0"]
[WhiteElo "2703"]
[BlackElo "2249"]
[TimeControl "180+2"]
[EndTime "9:37:47 PST"]
[Termination "Kimster98 won on time"]

1. Nf3 d5 2. d4 Nf6 3. c4 c6 4.
Nc3 e6 5. g3 Nbd7 6. Bg2 b6 7.
O-O Bb7 8. b3 Be7 9. Bb2 O-O 10.
Nd2 c5 11. cxd5 exd5 12. dxc5 bxc5 13. Nc4 Nb6 14. Na5 Qd7 15. Nxb7 Qxb7 16. Qc2 Rad8 17.
Rfd1 Qc8 18. Rac1 Qa6 19. a4 c4 20. bxc4 dxc4 21. Ra1 Qa5 22. Nb5 Rxd1+ 23. Qxd1 Rd8 24. Qc1 Nfd5 25. Nc3 Nxc3 26. Bxc3 Bb4 27. Bxb4 Qxb4 28. a5 Na4 29. Qe3 Nc5 30. Rc1 Nb3 31. Rb1 Qxa5 32. Be4 1-0

[Event "*** Titled Tuesday Blitz"]
[Site "Chess.com"]
[Date "2020.02.04"]
[Round "3"]
[White "Carnivoras"]
[Black "GMSrinath"]
[Result "0-1"]
[WhiteElo "2544"]
[BlackElo "2973"]
[TimeControl "180+2"]
[EndTime "9:37:48 PST"]
[Termination "GMSrinath won by resignation"]

1. d4 Nf6 2. Nf3 d5 3. Bf4 c5 4. c3 Nc6 5. e3 e6 6. Nbd2 Bd6 7.
Bxd6 Qxd6 8. Bd3 e5 9. dxe5 Nxe5 10. Nxe5 Qxe5 11. O-O O-O 12. Qc2 h6 13. e4 Rd8 14.
Nf3 Qh5 15. e5 Ne8 16. Rfe1 Nc7 17. Be2 Bf5 18. Qd2 Be4 19. Qf4 Ne6 20. Qg3 Qf5 21. Nd2 Bc2 22. Rac1 Qg6 23. f4 d4 24. cxd4 Nxd4 25.
Qxg6 Bxg6 26. Rxc5 Nc2 27. Rxc2 Bxc2 28. Nc4 Bd3 29. Nd6 Bxe2 30. Rxe2 Rd7 31. Kf2 Rc7 32. Ke3 Rd8 33. Kd4 b5 34. Kd5 a6 35. Kd4 Kf8 36.
Kd5 Ke7 37. g3 g6 38. Ke4 h5 39. Kd5 Rc1 40. Ke4 Rd7 41. f5 Rdc7 42. fxg6 fxg6 43. Rf2 R7c2 44. Rf7+ Ke6 45. Rf6+ Kd7 46. Rxg6 Re1+ 47. Kf5 Rf2+ 0-1

[Event "*** Titled Tuesday Blitz"]
[Site "Chess.com"]
[Date "2020.02.04"]
[Round "3"]
[White "saraswathii"]
[Black "tunadrol"]
[Result "0-1"]
[WhiteElo "2170"]
[BlackElo "2576"]
[TimeControl "180+2"]
[EndTime "9:37:49 PST"]
[Termination "tunadrol won by resignation"]

1. d4 Nf6 2. Bf4 d5 3. e3 c5 4. c3 Nc6 5. Nf3 Qb6 6. Qb3 c4 7. Qc2 Bf5 8. Qc1 e6 9. Nbd2 Be7 10.
h3 h6 11. Be2 O-O 12. O-O Rfc8 13. Re1 Qd8 14. Nh2 b5 15. a3 a5 16. Bf3 b4 17.
axb4 axb4 18. e4 Bg6 19. exd5 Nxd5 20. Rxa8 Rxa8 21. Nxc4 Rc8 22. Bxd5 exd5 23. Ne3 bxc3 24. bxc3 Nb4 25. cxb4 Rxc1 26. Rxc1 Bxb4 27. Nhg4 f6 28. Rc6 h5 29. Nh2 Be4 30. Nhf1 h4 31. Nc2 Ba5 32. Na3 Qe8 33. Rc1 Bxg2 34. Ne3 Be4 35. Ng4 Qg6 36. Kh2 Qf5 37. Bb8 Qf3 38. Ne3 Qxf2+ 0-1

[Event "*** Titled Tuesday Blitz"]
[Site "Chess.com"]
[Date "2020.02.04"]
[Round "3"]
[White "miroslavsavic"]
[Black "MaxLeto"]
[Result "1-0"]
[WhiteElo "2150"]
[BlackElo "2345"]
[TimeControl "180+2"]
[EndTime "9:37:50 PST"]
[Termination "miroslavsavic won by checkmate"]

1. Nf3 d5 2. d4 Nf6 3. c4 e6 4.
Nc3 Be7 5. Bg5 O-O 6. e3 h6 7. Bxf6 Bxf6 8. Qc2 Re8 9. O-O-O a6 10. cxd5 exd5 11. Bd3 b6 12. Rhg1 Be6 13. g4 c5 14.
Kb1 Nc6 15. a3 c4 16. Bf5 b5 17. g5 hxg5 18. h4 gxh4 19. Bxe6 Rxe6 20. e4 b4 21. exd5 bxc3 22. dxe6 cxb2 23. exf7+ Kf8 24. Qxc4 Qd6 25. Rge1 Rc8 26. Re8+ Rxe8 27. fxe8=Q+ Kxe8 28. Qxa6 Qd5 29. Qc8+ Kf7 30. Re1 Qc5 31. Qe8# 1-0

[Event "*** Titled Tuesday Blitz"]
[Site "Chess.com"]
[Date "2020.02.04"]
[Round "3"]
[White "Didici"]
[Black "MITerryble"]
[Result "0-1"]
[WhiteElo "2685"]
[BlackElo "2939"]
[TimeControl "180+2"]
[EndTime "9:37:52 PST"]
[Termination "MITerryble won by resignation"]

1. e4 e6 2. d3 d5 3. Be2 dxe4 4. dxe4 Qxd1+ 5. Bxd1 Nc6 6. c3 Nf6 7. Nd2 b6 8. Ngf3 Bb7 9. Ba4 a6 10. Bc2 O-O-O 11.
Ng5 Rd7 12. f4 Bc5 13. Ke2 h6 14. Ngf3 a5 15. Ne1 Ng4 16. Nb3 Be7 17. h3 Nf6 18.
a4 Rhd8 19. Be3 g5 20. fxg5 Nh5 21. Kf2 hxg5 22. Nf3 Rg8 23. Rad1 Rxd1 24. Rxd1 Bf6 25. Nbd4 Ne5 26. Nxe5 Bxe5 27. Nf3 Bg3+ 28. Ke2 g4 29. hxg4 Rxg4 30. Rh1 Nf4+ 31. Bxf4 Bxf4 32. Kf2 Bd6 33. Rh7 f6 34. Bb3 Rxe4 35. Nd2 Bc5+ 36. Kg3 Re2 37. Nf3 Bc6 38. Rf7 f5 39. Bc4 Bd6+ 40. Kh3 Bxf3 41. Ba6+ Kd8 42. Bxe2 Bxe2 43. g4 0-1

[Event "*** Titled Tuesday Blitz"]
[Site "Chess.com"]
[Date "2020.02.04"]
[Round "3"]
[White "DamianoLew95"]
[Black "Korchmar_Vasiliy"]
[Result "0-1"]
[WhiteElo "2594"]
[BlackElo "2830"]
[TimeControl "180+2"]
[EndTime "9:37:52 PST"]
[Termination "Korchmar_Vasiliy won by resignation"]

1. d4 Nf6 2. Nf3 g6 3. g3 Bg7 4.
Bg2 O-O 5. O-O d5 6. c4 c6 7.
cxd5 cxd5 8. Ne5 Ng4 9. Nxg4 Bxg4 10. Nc3 Nc6 11. Be3 e5 12. Nxd5 exd4 13. Bf4 Re8 14. Re1 Rc8 15. Qd2 Ne5 16. Qb4 d3 17. exd3 Nxd3 18.
Rxe8+ Qxe8 19. Qxb7 Rc2 20. Qe7 Qxe7 21. Nxe7+ Kh8 22. h3 Bxb2 23. Rb1 Nxf4 24. gxf4 Be6 25. Be4 Rd2 26. a4 Bd4 27. Nc6 Bxf2+ 28. Kg2 Bb6+ 29.
Kg3 Bf2+ 30. Kg2 Bb6+ 31. Kg3 Ra2 32. a5 Ra3+ 33. Bf3 Bxa5 34. Nxa5 Rxa5 35. h4 h5 36. Rb7 Ra3 37. f5 Rxf3+ 0-1

[Event "*** Titled Tuesday Blitz"]
[Site "Chess.com"]
[Date "2020.02.04"]
[Round "3"]
[White "cholzan"]
[Black "Blitzstream"]
[Result "1-0"]
[WhiteElo "2512"]
[BlackElo "2791"]
[TimeControl "180+2"]
[EndTime "9:38:00 PST"]
[Termination "cholzan won by resignation"]

1. d4 d5 2. c4 c6 3. Nf3 Nf6 4. e3 Bf5 5. Nc3 e6 6. Nh4 Be4 7. f3 Bg6 8. Qb3 Qb6 9. Nxg6 Qxb3 10. axb3 hxg6 11. Bd2 Nbd7 12. c5 a6 13. f4 Be7 14.
Bd3 Ng4 15. h3 Bh4+ 16. Ke2 Nf2 17. Rhf1 Nxd3 18. Kxd3 f5 19. Na4 g5 20. Ba5 gxf4 21.
exf4 Nf6 22. Bc7 Kf7 23. Nb6 Rae8 24. Be5 Ne4 25. b4 Bd8 26. Nc8 Rh6 27. Nd6+ Nxd6 28. cxd6 Rg6 29. Rf2 Rg3+ 30. Ke2 Bb6 31. Kf1 Ba7 32. b5 cxb5 33. Rc2 Bb6 34. Rac1 Rd8 35. Rc8 Rd7 36. R1c7 Bxc7 37. dxc7 Kg6 38. Re8 Rxc7 39.
Bxc7 Rb3 40. Rxe6+ Kh5 41. Re2 Kh4 42. Kf2 Rd3 43. Be5 a5 44. Bxg7 a4 45. Re6 Rd2+ 46. Kf3 Rd3+ 47. Ke2 Rb3 48. Rg6 Rxb2+ 49. Kf3 Rb3+ 50.
Kf2 Rb2+ 51. Kg1 Rc2 52. Kh2 Rc6 53. Rxc6 bxc6 54. Bf8 Kh5 55. Bc5 Kg6 56. g4 Kf6 57.
Kg3 Kg6 58. h4 1-0

[Event "*** Titled Tuesday Blitz"]
[Site "Chess.com"]
[Date "2020.02.04"]
[Round "3"]
[White "messiboca"]
[Black "platy3"]
[Result "0-1"]
[WhiteElo "2649"]
[BlackElo "2911"]
[TimeControl "180+2"]
[EndTime "9:38:01 PST"]
[Termination "platy3 won by resignation"]

1. d4 Nf6 2. Nf3 e6 3. Bg5 b6 4. Nbd2 h6 5. Bh4 Bb7 6. e3 g5 7. Bg3 Nh5 8. Be5 Bg7 9. Bxg7 Nxg7 10. Bd3 g4 11. Ne5 h5 12. Be4 Bxe4 13. Nxe4 d6 14. Nd3 Nd7 15. h3 f5 16. Nc3 Kf7 17. Qe2 Qg5 18. O-O-O Nf6 19. Kb1 Ne4 20. Nxe4 fxe4 21. Nf4 d5 22. Qb5 Qe7 23. c4 c6 24. Qxc6 Rac8 25.
Qb5 Rxc4 26. hxg4 a6 27. Qxb6 Rhc8 28. gxh5 Rb4 29. Qa5 Qb7 30. Rd2 Nf5 31. h6 Nd6 32.
h7 Nc4 33. h8=Q Rxh8 34. Rxh8 Rxb2+ 35. Kc1 Rb1+ 0-1

[Event "*** Titled Tuesday Blitz"]
[Site "Chess.com"]
[Date "2020.02.04"]
[Round "3"]
[White "VladDobrov"]
[Black "ChessPromotionAlex"]
[Result "1-0"]
[WhiteElo "2925"]
[BlackElo "2525"]
[TimeControl "180+2"]
[EndTime "9:38:02 PST"]
[Termination "VladDobrov won on time"]

1. d4 Nf6 2. c4 g6 3. g3 Bg7 4. Bg2 d5 5. cxd5 Nxd5 6. Nf3 Nb6 7. O-O Nc6 8. Nc3 Nxd4 9. Nxd4 Qxd4 10. Nb5 Qxd1 11.
Rxd1 O-O 12. Nxc7 Rb8 13. Bf4 Bxb2 14. Rab1 Bg7 15. Nd5 Nxd5 16. Bxd5 e5 17. Be3 b6 18.
Bc5 Bf5 19. Bxf8 Bxf8 20. e4 Bg4 21. Rdc1 Bd6 22. Rc6 Rd8 23. Kg2 Kg7 24. a4 Be2 25. a5 Rd7 26. axb6 axb6 27. Rbxb6 Bf8 28. Rb8 g5 29.
Rcc8 Bd6 30. Rg8+ Kf6 31. Rb6 g4 32. h3 Bf3+ 33. Kh2 h5 34. Rh8 Kg6 35. Rc6 f6 36.
Be6 1-0

[Event "*** Titled Tuesday Blitz"]
[Site "Chess.com"]
[Date "2020.02.04"]
[Round "3"]
[White "Everyfishknows"]
[Black "earling8018"]
[Result "1-0"]
[WhiteElo "2326"]
[BlackElo "2056"]
[TimeControl "180+2"]
[EndTime "9:38:02 PST"]
[Termination "Everyfishknows won on time"]

1. Nf3 d5 2. e3 g6 3. c4 c6 4. Nc3 Bg7 5. d4 Nf6 6. Bd3 O-O 7. O-O Na6 8. b3 Re8 9. Bb2 b6 10. Rc1 Nb4 11. Bb1 a5 12. Re1 Bf5 13. e4 dxe4 14.
Nxe4 Nxe4 15. Bxe4 Bxe4 16. Rxe4 Nxa2 17. Ra1 Nb4 18. Qe2 c5 19. d5 Bxb2 20. Qxb2 Qd7 21. Rae1 a4 22. bxa4 Qxa4 23. Rxe7 Rxe7 24. Rxe7 Qd1+ 25.
Re1 Qd3 26. Qf6 Nc2 27. Rf1 Nd4 28. Nxd4 cxd4 29. d6 Qxc4 30. d7 Qd5 31. Re1 Qxd7 32. h3 h5 33. Re7 Qd5 34. Qxb6 Ra1+ 35. Kh2 Ra2 36. Qb8+ Kg7 37. Qf4 1-0

[Event "*** Titled Tuesday Blitz"]
[Site "Chess.com"]
[Date "2020.02.04"]
[Round "3"]
[White "karinachess1"]
[Black "GMKrikor"]
[Result "0-1"]
[WhiteElo "2508"]
[BlackElo "2841"]
[TimeControl "180+2"]
[EndTime "9:38:03 PST"]
[Termination "GMKrikor won by resignation"]

1. d4 Nf6 2. Nf3 d5 3. c4 e6 4. Nc3 Bb4 5. Qa4+ Nc6 6. e3 O-O 7. Bd2 dxc4 8. Bxc4 Bd6 9. Qc2 e5 10. dxe5 Nxe5 11. Nxe5 Bxe5 12. f4 Bxc3 13. Bxc3 Re8 14.
O-O Rxe3 15. Rad1 Qe8 16. Qf2 Ng4 17. Qh4 Be6 18. Bxe6 Qxe6 19. f5 Qe4 20. Rd8+ Rxd8 21. Qxd8+ Qe8 22. Qg5 Rxc3 23. bxc3 Nf6 24. Qd2 h6 25.
Rd1 Qb5 26. Qd3 Qc5+ 27. Qd4 Qa5 28. a4 Qa6 29. h3 Qe2 30. Rd2 Qe1+ 31. Kh2 h5 32.
Qf2 Qe5+ 33. Qg3 Qxg3+ 34. Kxg3 Ne4+ 0-1

[Event "*** Titled Tuesday Blitz"]
[Site "Chess.com"]
[Date "2020.02.04"]
[Round "3"]
[White "Nalatac"]
[Black "Atanejhad"]
[Result "0-1"]
[WhiteElo "2296"]
[BlackElo "2602"]
[TimeControl "180+2"]
[EndTime "9:38:03 PST"]
[Termination "Atanejhad won on time"]

1. e4 e5 2. Nf3 Nc6 3. Bc4 Bc5 4. O-O Nf6 5. d3 d6 6. a4 a6 7. c3 Ba7 8. Na3 h6 9. Nc2 O-O 10. Be3 Be6 11. Bxe6 fxe6 12. Re1 Bxe3 13. Nxe3 Nh5 14. d4 exd4 15. cxd4 Nf4 16. d5 exd5 17. exd5 Nb4 18. a5 Qf6 19. Qb3 Nbd3 20. Rf1 Nc5 21. Qc4 Nxg2 22. Nxg2 Qxf3 23. Ra3 Qf7 24. Rg3 Rae8 25. b4 Ne4 26. Rd3 Nxf2 27. Rg3 Re4 28. Qc1 Re2 29.
Ne3 Qh5 30. Ng2 Ne4 31. Rxf8+ Kxf8 0-1

[Event "*** Titled Tuesday Blitz"]
[Site "Chess.com"]
[Date "2020.02.04"]
[Round "3"]
[White "DishonorOnYourCow"]
[Black "bluejay1897"]
[Result "0-1"]
[WhiteElo "2205"]
[BlackElo "2384"]
[TimeControl "180+2"]
[EndTime "9:38:03 PST"]
[Termination "bluejay1897 won by resignation"]

1. d4 Nf6 2. c4 e6 3. Nf3 b6 4.
g3 Bb7 5. Bg2 Bb4+ 6. Bd2 Bxd2+ 7. Nbxd2 O-O 8. O-O c5 9. e3 Nc6 10. Qe2 Re8 11. Rfd1 Qc7 12. Rac1 Rac8 13. dxc5 bxc5 14. e4 d6 15. Nf1 e5 16. Ne3 Nd4 17. Nxd4 exd4 18.
Nd5 Nxd5 19. cxd5 Qa5 20. Qc2 Ba6 21. b3 g6 22. h4 h5 23. Bh3 Rcd8 24. Bf1 Bxf1 25.
Kxf1 Qa6+ 26. Kg2 Re7 27. Re1 Rde8 28. f3 Rb8 29. Qc4 Qxa2+ 30. Re2 Qxb3 31. Qxb3 Rxb3 32. Ra2 Reb7 33. Ra6 R3b6 34. Ra3 Kg7 35. f4 f6 36. e5 fxe5 37. fxe5 dxe5 38. Rxc5 Rd6 39. Raa5 Kf6 40.
Ra3 e4 41. Ra4 Ke5 42. Rc6 Rb2+ 43. Kf1 Rxd5 44. Rxg6 e3 45. Rg5+ Ke4 46. Rxd5 Kxd5 47. Rxa7 d3 48. Rd7+ Ke4 49. Re7+ Kf3 50. Rf7+ Kxg3 51.
Rg7+ Kxh4 0-1

[Event "*** Titled Tuesday Blitz"]
[Site "Chess.com"]
[Date "2020.02.04"]
[Round "3"]
[White "secretsuperstar7"]
[Black "RojonR"]
[Result "1-0"]
[WhiteElo "2257"]
[BlackElo "2426"]
[TimeControl "180+2"]
[EndTime "9:38:04 PST"]
[Termination "secretsuperstar7 won by resignation"]

1. e4 e5 2. Nf3 Nc6 3. Bb5 Bc5 4. O-O Nf6 5. d3 d6 6. c3 O-O 7. Nbd2 Bb6 8. h3 Ne7 9. Re1 c6 10. Ba4 Ng6 11. Nf1 Bc7 12. d4 h6 13. Ng3 Re8 14.
Bc2 Be6 15. Be3 Qd7 16. Nf5 Rad8 17. g4 Qc8 18. dxe5 dxe5 19. Qe2 Nf4 20. Qf1 Bxf5 21. exf5 e4 22. Nd2 Nd3 23. Re2 Nxb2 24. Bd4 Nd5 25.
Nxe4 Nf4 26. Re3 Nd5 27. Rf3 b5 28. f6 g6 29. Qc1 Nf4 30. Rxf4 Bxf4 31. Qxf4 Kh7 32.
Ng5+ hxg5 33. Qxg5 Rxd4 34. Qh4+ Kg8 35. Qh6 Rxg4+ 36. Kf1 Re1+ 37. Rxe1 Qf8 38. Re8 1-0

[Event "*** Titled Tuesday Blitz"]
[Site "Chess.com"]
[Date "2020.02.04"]
[Round "3"]
[White "M1711"]
[Black "obliviate12"]
[Result "0-1"]
[WhiteElo "2518"]
[BlackElo "2875"]
[TimeControl "180+2"]
[EndTime "9:38:06 PST"]
[Termination "obliviate12 won on time"]

1. a3 c5 2. h3 b6 3. e3 Bb7 4. d3 g6 5. Nc3 Bg7 6. Bd2 Nf6 7. e4 O-O 8. Nf3 Nc6 9. Be2 d5 10. exd5 Nxd5 11. O-O Nxc3 12. bxc3 Qc7 13. Re1 Rad8 14.
Rb1 Rfe8 15. Bf1 h6 16. Qc1 Kh7 17. Bf4 e5 18. Bd2 f5 19. Nh2 Qf7 20. Be2 c4 21. a4 cxd3 22. cxd3 Ba6 23. c4 Nd4 24. Bf1 Qd7 25. a5 b5 26. Bb4 Rc8 27. c5 Bb7 28.
Qa3 a6 29. Qb2 Qd5 30. Qd2 Rcd8 31. Red1 Bc6 32. Bc3 Qxc5 33. Bb4 Qd5 34. Qb2 Bb7 35. Rdc1 Rc8 36. Ra1 e4 37. dxe4 Qxe4 38. Rxc8 Rxc8 39. Qb1 Nc2 40. Ra2 Qxb4 41. Qd1 Qb3 0-1

[Event "*** Titled Tuesday Blitz"]
[Site "Chess.com"]
[Date "2020.02.04"]
[Round "3"]
[White "WelshTiger"]
[Black "mirciulica14"]
[Result "1-0"]
[WhiteElo "2279"]
[BlackElo "2552"]
[TimeControl "180+2"]
[EndTime "9:38:10 PST"]
[Termination "WelshTiger won by resignation"]

1. e4 e5 2. Nf3 Nc6 3. Nc3 Nf6 4.
d4 exd4 5. Nxd4 Bb4 6. Nxc6 bxc6 7. Bd3 d5 8. exd5 O-O 9. O-O cxd5 10. h3 c6 11. Qf3 h6 12. Bf4 Bd6 13. Rfe1 Rb8 14. b3 Qc7 15. Bxd6 Qxd6 16. Na4 c5 17. Qg3 Qxg3 18.
fxg3 c4 19. bxc4 dxc4 20. Bxc4 Bf5 21. Bb3 Rbc8 22. c4 Be6 23. Rac1 Rc7 24. c5 Bd7 25.
Re7 Rfc8 26. Rxf7 Kh8 27. Kh2 a5 28. Re7 Bxa4 29. Rxc7 Rxc7 30. Bxa4 Nd5 31. c6 Nb6 32. Bb5 Kg8 33. a4 Kf8 34. Re1 Nd5 35. g4 g5 36.
Kg3 Nf4 37. h4 Kg7 38. h5 Kf6 39. Rd1 Re7 40. Rd6+ Re6 41. c7 Rxd6 42. c8=Q Re6 43. Qh8+ Ke7 44. Qg7+ Kd6 45. Qd7+ Kc5 46. Qc7+ Kb4 47.
Kf3 Re1 48. Qc4+ Ka3 49. Qc3+ Ka2 50. Qxe1 1-0

[Event "*** Titled Tuesday Blitz"]
[Site "Chess.com"]
[Date "2020.02.04"]
[Round "3"]
[White "rasmussvane"]
[Black "Eraschenkov"]
[Result "0-1"]
[WhiteElo "2837"]
[BlackElo "2620"]
[TimeControl "180+2"]
[EndTime "9:38:11 PST"]
[Termination "Eraschenkov won by resignation"]

1. Nf3 Nf6 2. c4 g6 3. Nc3 Bg7 4. g3 c6 5. d4 d5 6. Qb3 O-O 7. Bg2 a5 8. O-O a4 9. Qb4 dxc4 10.
Qxc4 Be6 11. Qd3 Na6 12. Rd1 Nb4 13. Qd2 Qa5 14. e4 Rfd8 15. Qe2 h6 16. Be3 Qh5 17. a3 Na6 18. Re1 Nc7 19. Bf4 Nfe8 20. Rac1 g5 21.
Be5 Nd6 22. Bxg7 Kxg7 23. Qc2 Bb3 24. Qd3 Nc4 25. Qe2 g4 26. Nd2 Rxd4 27. Nxb3 axb3 28. Nb1 Ne5 29. Rc3 Ne6 30. h4 Rad8 31. Rxb3 R4d6 32.
Rxb7 Nd4 33. Qe3 Nc2 34. Qa7 Nxe1 35. Bf1 N1f3+ 36. Kg2 Nxh4+ 37. gxh4 Qxh4 38. Be2 Qh3+ 0-1

[Event "*** Titled Tuesday Blitz"]
[Site "Chess.com"]
[Date "2020.02.04"]
[Round "3"]
[White "FearNoEvil12"]
[Black "norwaytoadog"]
[Result "1/2-1/2"]
[WhiteElo "2008"]
[BlackElo "2305"]
[TimeControl "180+2"]
[EndTime "9:38:11 PST"]
[Termination "Game drawn by repetition"]

1. e4 e5 2. d4 exd4 3. Bc4 Nc6 4. Nf3 Nf6 5. e5 d5 6. Bb5 Nd7 7. Bxc6 bxc6 8. Qxd4 Nc5 9. Nc3 Ne6 10. Qd3 Rb8 11. b3 Be7 12. O-O O-O 13. Bb2 f6 14. exf6 Bxf6 15.
Rab1 Nf4 16. Qd2 Qd6 17. Ne2 Bxb2 18. Nxf4 Rxf4 19. Rxb2 Rxf3 20. gxf3 Qg6+ 21. Kh1 Qf6 22. Qe3 Bh3 23. Rbb1 d4 24. Qe4 Bxf1 25. Rxf1 Rf8 26. Rd1 Qxf3+ 27. Qxf3 Rxf3 28. Rxd4 Rxf2 29. Rc4 Rf6 30.
Kg2 Kf7 31. Ra4 Rd6 32. c4 g5 33. Rxa7 Rd7 34. Ra5 Kf6 35. Rc5 Rd6 36. a4 h5 37. a5 g4 38. a6 h4 39. a7 Rd2+ 40. Kg1 Ra2 41. Rxc6+ Ke5 42. Rxc7 Kf4 43. Rf7+ Ke3 44. b4 h3 45. Rf1 Rg2+ 46. Kh1 Ra2 47. Rb1 Kf3 48. b5 g3 49. hxg3 Kxg3 50. b6 Rh2+ 51. Kg1 Rg2+ 52. Kf1 Rf2+ 53. Kg1 Rg2+ 54. Kh1 Rh2+ 55. Kg1 Rg2+ 1/2-1/2

[Event "*** Titled Tuesday Blitz"]
[Site "Chess.com"]
[Date "2020.02.04"]
[Round "3"]
[White "hypert"]
[Black "AvitalBor"]
[Result "0-1"]
[WhiteElo "2458"]
[BlackElo "2745"]
[TimeControl "180+2"]
[EndTime "9:38:13 PST"]
[Termination "AvitalBor won by resignation"]

1. e4 e5 2. Nf3 Nc6 3. Bb5 a6 4. Ba4 Nf6 5. O-O Nxe4 6. d4 b5 7. Bb3 d5 8. dxe5 Be6 9. Nbd2 Nc5 10. c3 Bf5 11. Nd4 Nxd4 12. cxd4 Ne6 13. Nf3 Be7 14. Be3 c6 15. Rc1 Rc8 16. h3 O-O 17.
Bc2 Bxc2 18. Rxc2 f5 19. exf6 Bxf6 20. Qd3 Kh8 21. Rfc1 Qd7 22. Nd2 Bg5 23. Nb3 Nf4 24. Bxf4 Bxf4 25. Re1 Bd6 26. Rce2 Qf7 27. Qd2 h6 28.
Nc1 Bf4 29. Qc2 Qf6 30. Qd1 Bxc1 31. Qxc1 Qxd4 32. Re3 Rf6 33. Re8+ Rf8 34. R8e3 Qf6 35. Rf3 Qg6 36. Rg3 Qf6 37. Rf3 Qd6 38. Rg3 Rce8 39. Rxe8 Rxe8 40. Qc3 d4 41. Qd2 c5 42. Rg4 Qe6 43. Kh2 Qxa2 44. Rg6 Re6 45. Qc2 Rxg6 46. Qxg6 Qd5 47. h4 Qe5+ 48. g3 c4 49. Qxa6 d3 50. Qc8+ Kh7 51. Qd7 b4 52. Kg2 Qe4+ 53. Kh2 c3 54.
bxc3 bxc3 55. h5 c2 0-1

[Event "*** Titled Tuesday Blitz"]
[Site "Chess.com"]
[Date "2020.02.04"]
[Round "3"]
[White "aa175"]
[Black "LLRChess"]
[Result "0-1"]
[WhiteElo "2251"]
[BlackElo "2493"]
[TimeControl "180+2"]
[EndTime "9:38:13 PST"]
[Termination "LLRChess won by resignation"]

1. d4 f5 2. c4 Nf6 3. Nc3 e6 4.
Nf3 b6 5. e3 Bb7 6. Bd3 Bb4 7.
Qc2 O-O 8. h3 Ne4 9. Rg1 Bxc3+ 10. bxc3 d6 11. Nd2 d5 12. cxd5 exd5 13. Nxe4 fxe4 14.
Be2 Nd7 15. Ba3 Rf6 16. c4 c5 17. cxd5 Bxd5 18. Bc4 Bxc4 19. Qxc4+ Kh8 20. Rd1 b5 21. Qxb5 Rb8 22. Qa4 cxd4 23. Qxd4 Qa5+ 24. Qd2 Qxa3 25. Qxd7 Rbf8 26. Qd2 h6 27. Rf1 a5 28. Qe2 a4 29.
Qd2 Rb8 30. Qc2 Rb2 31. Rd8+ Kh7 32. Qxe4+ Rg6 33. Rd3 Qxa2 34. Qf3 Qc4 35. Qd1 a3 36. Rd4 Qc3+ 37. Rd2 Rd6 0-1

[Event "*** Titled Tuesday Blitz"]
[Site "Chess.com"]
[Date "2020.02.04"]
[Round "3"]
[White "BvsN"]
[Black "novocane"]
[Result "0-1"]
[WhiteElo "2354"]
[BlackElo "2155"]
[TimeControl "180+2"]
[EndTime "9:38:14 PST"]
[Termination "novocane won by checkmate"]

1. d4 Nf6 2. c4 e6 3. Nc3 Bb4 4. f3 c5 5. d5 d6 6. e4 b5 7. Bd2 exd5 8. cxd5 a6 9. Nge2 O-O 10. Ng3 Re8 11. Be2 c4 12. O-O Bc5+ 13. Kh1 Qb6 14. Rb1 Nbd7 15. b4 Be3 16. a4 Bxd2 17. Qxd2 Ne5 18.
Ra1 Bd7 19. Ra3 bxa4 20. Nxa4 Bxa4 21. Rxa4 Rab8 22. Qc3 h6 23. Rfa1 Qf2 24. Qe1 Qd4 25. Rxa6 c3 26. Nf5 Qxb4 27. Nxd6 Red8 28. Nf5 c2 29. Qg3 Qb1+ 30. Bf1 Nh5 31. Qxe5 c1=Q 32. Ne7+ Kf8 33. Rxb1 Rxb1 34. h4 Qxf1+ 35. Kh2 Qh1# 0-1

[Event "*** Titled Tuesday Blitz"]
[Site "Chess.com"]
[Date "2020.02.04"]
[Round "3"]
[White "heyiampotato"]
[Black "ChessLover0108"]
[Result "1-0"]
[WhiteElo "2474"]
[BlackElo "2734"]
[TimeControl "180+2"]
[EndTime "9:38:18 PST"]
[Termination "heyiampotato won by resignation"]

1. d4 d5 2. c4 e6 3. Nc3 Be7 4. cxd5 exd5 5. Bf4 c6 6. e3 Bd6 7. Bg3 Ne7 8. Bd3 h5 9. Nf3 Bf5 10. Qc2 Bxd3 11. Qxd3 g6 12. Bh4 O-O 13. O-O Qc7 14.
Rac1 Qd7 15. e4 dxe4 16. Nxe4 Nd5 17. Ne5 Qc7 18. Bg3 Bxe5 19. Bxe5 Qd8 20. Qd2 f6 21. Bd6 Rf7 22. Qh6 Rg7 23. Rfe1 Nd7 24. Ba3 N7b6 25. Nd6 Qd7 26. h3 Ne7 27. Re2 Nbd5 28. Rce1 Rd8 29.
Re6 Nf5 30. Nxf5 gxf5 31. Qxh5 Rxg2+ 32. Kh1 Nf4 33. Re8+ Rxe8 34. Rxe8+ Kg7 35. Bf8+ Kg8 36. Bh6+ Kh7 37. Bxf4+ Kg7 38. Bh6+ Kh7 39. Be3+ Kg7 40. Kxg2 1-0

[Event "*** Titled Tuesday Blitz"]
[Site "Chess.com"]
[Date "2020.02.04"]
[Round "3"]
[White "SlavenPastar"]
[Black "Nathan_Filgueiras"]
[Result "0-1"]
[WhiteElo "2480"]
[BlackElo "2275"]
[TimeControl "180+2"]
[EndTime "9:38:18 PST"]
[Termination "Nathan_Filgueiras won by resignation"]

1. d4 Nf6 2. c4 e6 3. Nc3 Bb4 4. e3 O-O 5. Bd3 c5 6. Ne2 d5 7.
cxd5 cxd4 8. exd4 Nxd5 9. O-O b6 10. Bc2 Bb7 11. Qd3 g6 12. Ne4 Be7 13. a3 Nd7 14. b4 Rc8 15. Bb2 N7f6 16. Ng5 Nh5 17. Nf3 Nhf4 18. Qd2 Nxe2+ 19. Qxe2 Nf4 20. Qd2 Bxf3 21.
gxf3 Bd6 22. Kh1 Qh4 23. Rg1 Nd5 24. Rg2 f5 25. Bb3 Nf4 26. Rg3 Rfe8 27. d5 e5 28. Re1 e4 29. fxe4 fxe4 30. Bc2 Nh5 31. Rg2 Nf4 32. Rg3 Nd3 33. Bxd3 exd3 34. Rxe8+ Rxe8 35. Qc3 Be5 36. Qd2 Bxb2 37. Qxb2 Qe4+ 38. Kg1 Qe1+ 39. Kg2 d2 40. Rd3 Qe4+ 41. f3 Qxd3 42. Qf6 0-1